 Dungeon Crawl Stone Soup version 0.30-a0-587-gfd7c166f36 (webtiles) character file.

Game seed: 667610584902833905

545 Bnni the Vexing (level 7, -2/51 HPs)
             Began as a Formicid Hexslinger on Jan 4, 2023.
             Killed by an exploding iguana (44 damage)
             ... ignited by their inner flame
             ... on level 5 of the Dungeon.
             The game lasted 00:07:56 (4134 turns).

Bnni the Vexing (Formicid Hexslinger)               Turns: 4134, Time: 00:07:57

Health: -2/51      AC:  4    Str: 15    XL:     7   Next: 53%
Magic:  2/10       EV: 12    Int: 14    God:
Gold:   203        SH:  0    Dex: 14    Spells: 3/11 levels left

rFire   . . .      SeeInvis +    a - +1 sling
rCold   . . .      Faith    .    (no shield)
rNeg    . . .      Spirit   .    c - +0 robe
rPois   .          Reflect  .    (helmet unavailable)
rElec   .          Harm     .    e - +1 cloak {rCorr}
rCorr   +          Rampage  .    (no gloves)
Will    .....                    (no boots)
Stlth   +                        r - amulet of regeneration
HPRegen 1.08/turn                (no ring)
MPRegen 0.12/turn                (no ring)

@: no status effects
A: permanent stasis, dig shafts and tunnels, antennae 3, four strong arms
a: Dig, Shaft Self


You were on level 5 of the Dungeon.
You visited 1 branch of the dungeon, and saw 5 of its levels.

You collected 203 gold pieces.

Inventory:

Hand Weapons
 a - a +1 sling (weapon)
 m - a +4 dagger
Missiles
 s - a poisoned dart
Armour
 c - a +0 robe (worn)
 e - a +1 cloak of preservation (worn)
 p - a +0 tower shield
Jewellery
 r - an amulet of regeneration (around neck)
Scrolls
 b - 2 scrolls of poison
 f - a scroll of fear {unknown}
 h - 2 scrolls of teleportation {unknown}
 i - a scroll of acquirement {unknown}
 n - a scroll of brand weapon {unknown}
 o - a scroll of immolation
 t - a scroll of torment {unknown}
 v - a scroll of identify
 w - a scroll of summoning {unknown}
Potions
 d - a potion of might {unknown}
 g - a potion of resistance
 j - 2 potions of attraction
 k - 2 potions of heal wounds
 l - a potion of brilliance {unknown}
 q - 2 potions of curing {unknown}
 u - 2 potions of invisibility {unknown}


   Skills:
 + Level 2.9 Fighting
 * Level 4.2 Ranged Weapons
 - Level 1.7 Dodging
 + Level 1.2 Shields
 + Level 2.6 Spellcasting
 * Level 5.8 Hexes
 + Level 0.8 Translocations
 - Level 3.0 Fire Magic


You had 3 spell levels left.
You knew the following spells:

 Your Spells              Type           Power      Damage    Failure   Level
a - Slow                  Hex            72%        N/A       1%          1
b - Inner Flame           Hex/Fire       14%        N/A       11%         3
d - Cause Fear            Hex            9%         N/A       21%         4

Your spell library contained the following spells:

 Spells                   Type           Power      Damage    Failure   Level
 Portal Projectile        Hex/Tloc       22%        N/A       17%         3


Dungeon Overview and Level Annotations

Branches:
Dungeon (5/15)
 Temple: D:4-7

Altars:
Cheibriados
Hepliaklqana
Makhleb
Qazlal
Uskayaw
Vehumet
Wu Jian

Shops:
D:2 =   D:4 =


Innate Abilities, Weirdness & Mutations

You cannot be hasted, slowed, berserked, paralysed or teleported.
You can dig through walls and to a lower floor.
You have a pair of large antennae on your head. (SInv)
Your four strong arms can wield two-handed weapons with a shield.


Message History

The iguana is no longer moving slowly.
The iguana bites you!
You shoot a sling bullet.
The sling bullet closely misses the iguana.
The iguana bites you.
You shoot a sling bullet. The sling bullet hits the iguana.
The iguana is lightly wounded.
The iguana bites you but does no damage.
Casting: Slow (safe; 1% risk of failure)
Confirm with . or Enter, or press ? or * to list all spells.
Aiming: Slow (safe; 1% risk of failure)
Press: ? - help, Shift-Dir - straight line, f/p - iguana
Aim: an iguana (lightly wounded, chance to affect: 60%)
The iguana seems to slow down.
The iguana bites you.
Things that are here:
a +0 dagger; a +0 robe
There is a stone staircase leading up here.
Throw: 2 darts (poison)
Press: ? - help, Shift-Dir - straight line, f/p - iguana
Aim: an iguana (lightly wounded, slow, 63% to hit)
You throw a poisoned dart. The poisoned dart hits the iguana.
The iguana is poisoned.
The iguana is lightly wounded.
Casting: Slow (safe; 1% risk of failure)
Confirm with . or Enter, or press ? or * to list all spells.
Aiming: Inner Flame (dangerous; 11% risk of failure)
Press: ? - help, Dir - move target, f/p - iguana
Aim: an iguana (moderately wounded, poisoned, slow, chance to affect: 75%)
The iguana struggles to resist.
Casting: Inner Flame (dangerous; 11% risk of failure)
Confirm with . or Enter, or press ? or * to list all spells.
Aiming: Inner Flame (dangerous; 11% risk of failure)
Press: ? - help, Dir - move target, f/p - iguana
Aim: an iguana (moderately wounded, poisoned, slow, chance to affect: 75%)
The iguana is filled with an inner flame.
Flame seeps out of the iguana.
The iguana is engulfed in blazing flames.
The iguana explodes!
The fiery explosion engulfs you!!!
Ouch! That really hurt!
You die...

...# e..# #
.>.##..
.$...^#
###...#
#((...#
#.##...... #(#
..... #@# ##.#
#○######.####.
#§§)..........
########.####.
.. ... ###


There were no monsters in sight!

Vanquished Creatures
  Menkaure (D:4)
  Duvessa (D:5)
  Dowan (D:5)
  A howler monkey (D:4)
  Crazy Yiuf (D:4)
  A jelly (D:3)
  Jessica (D:3)
  An iguana (D:5)
  7 adders
  An ufetubus (D:4)
  A worm (D:2)
  2 dart slugs
  4 orcs
  4 ball pythons
  6 endoplasms
  3 giant cockroaches
  8 goblins
  9 hobgoblins
  4 jackals (D:3)
  6 kobolds
  4 quokkas
  3 bats
  A frilled lizard (D:2)
  4 rats
75 creatures vanquished.

Notes
Turn   | Place    | Note
-------+----------+-------------------------------------------
     0 | D:1      | Bnni the Formicid Hexslinger began the quest for the Orb.
     0 | D:1      | Reached XP level 1. HP: 15/15 MP: 2/2
   158 | D:1      | Reached XP level 2. HP: 21/21 MP: 3/3
   380 | D:1      | Reached skill level 1 in Fire Magic
   435 | D:1      | Reached XP level 3. HP: 26/26 MP: 4/4
   439 | D:1      | Learned a level 3 spell: Inner Flame
   505 | D:1      | Reached skill level 4 in Hexes
   779 | D:2      | HP: 1/26 [poisoned by an adder]
  1350 | D:2      | Found Waoschun's Jewellery Shoppe.
  1441 | D:2      | Reached XP level 4. HP: 5/32 MP: 6/6
  2094 | D:3      | Found a faded altar of an unknown god.
  2096 | D:3      | Found a radiant altar of Vehumet.
  2137 | D:3      | Found an ornate altar of the Wu Jian Council.
  2137 | D:3      | Found a hide-covered altar of Uskayaw.
  2137 | D:3      | Found a snail-covered altar of Cheibriados.
  2237 | D:3      | Found a burning altar of Makhleb.
  2574 | D:3      | Reached XP level 5. HP: 24/38 MP: 5/7
  2684 | D:3      | Found a stormy altar of Qazlal.
  2692 | D:3      | Noticed a water elemental
  2813 | D:3      | Noticed Jessica
  2819 | D:3      | Killed Jessica
  2872 | D:3      | Noticed an air elemental
  2872 | D:3      | Noticed a fire elemental
  3199 | D:4      | Noticed Menkaure
  3214 | D:4      | Killed Menkaure
  3215 | D:4      | Reached skill level 5 in Hexes
  3215 | D:4      | Reached XP level 6. HP: 46/46 MP: 3/9
  3220 | D:4      | Learned a level 4 spell: Cause Fear
  3420 | D:4      | Found Kuekon's Jewellery Emporium.
  3492 | D:4      | Found a runed translucent door.
  3493 | D:4      | Noticed Crazy Yiuf
  3520 | D:4      | Killed Crazy Yiuf
  3602 | D:4      | Found a hazy altar of Hepliaklqana.
  3872 | D:4      | Reached XP level 7. HP: 40/51 MP: 10/10
  4062 | D:5      | Entered Level 5 of the Dungeon
  4071 | D:5      | Noticed Dowan
  4073 | D:5      | Noticed Duvessa
  4088 | D:5      | Killed Duvessa
  4089 | D:5      | Reached skill level 1 in Shields
  4090 | D:5      | Killed Dowan
  4134 | D:5      | Killed by an exploding iguana... ignited by their inner
                  | flame

Illustrated notes

Levels and vault maps discovered:
D:1:      kilobyte_arrival_exit_the_forest, layout_rooms,
          dreamdust_princess_bridge
D:2:      layout_basic, serial_shops, shop
D:3:      layout_rooms, nicolae_qazlal_style_of_elements,
          grunt_temple_overflow_open, nicolae_ecumenical_pavilion, uniq_jessica
D:4:      layout_basic, nicolae_hepliaklqana_hippocampus, serial_shops,
          nicolae_stop_n_shop_2, uniq_crazy_yiuf_cottage, uniq_menkaure
D:5:      layout_loops_ring, grunt_temple_overflow_growth_and_decay,
          minmay_temple_entry_hall, minmay_lizard_king, uniq_duvessa

Skill      XL: |  1  2  3  4  5  6  7 |
---------------+----------------------+-----
Fire Magic     | 1 2 3 |  3.0
Hexes          | 4 5 |  5.8
Fighting       | 2 |  2.9
Ranged Weapons | 3 4 |  4.2
Spellcasting   | 2 |  2.6
Shields        | 1 |  1.2
Dodging        | |  1.7
Translocations | |  0.8

Action                   |  1- 3 |  4- 6 |  7- 9 || total
-------------------------+-------+-------+-------++-------
 Fire: Sling             |   124 |   191 |    14 ||   329
Throw: Dart              |       |       |     4 ||     4
 Cast: Slow              |     4 |    16 |     3 ||    23
       Inner Flame       |       |     3 |     4 ||     7
 Abil: Dig               |       |     2 |       ||     2
  Use: Scroll            |       |     5 |       ||     5
Armor: Robe              |    12 |    25 |     1 ||    38
Dodge: Dodged            |    52 |    77 |     2 ||   131

Table legend: (Time is in decaauts)
 A = Elapsed time spent in this place.
 B = Non-inter-level travel time spent in this place.
 C = Inter-level travel time spent in this place.
 D = Time resting spent in this place.
 E = Time spent auto-exploring this place.
 F = Levels seen in this place.
 G = Mean time per level.
                   A        B        C        D        E       F      G
               +--------+--------+--------+--------+--------+-----+--------+
         Total |   4231 |   4042 |    189 |    682 |   2627 |   5 |  846.2 |
       Dungeon |   4231 |   4042 |    189 |    682 |   2627 |   5 |  846.2 |
               +--------+--------+--------+--------+--------+-----+--------+

Top non-repeatable levels by time:
     D:2: 1592 daAuts
     D:4: 964 daAuts
     D:3: 917 daAuts
     D:1: 682 daAuts
     D:5: 74 daAuts
